[Event "*** Titled Tuesday Blitz"]
[Site "Chess.com"]
[Date "2019.01.01"]
[Round "5"]
[White "Fluffey"]
[Black "Atanejhad"]
[Result "1-0"]
[WhiteElo "2459"]
[BlackElo "2248"]
[TimeControl "180+2"]
[EndTime "14:03:55 PST"]
[Termination "Fluffey won by resignation"]

1. Nf3 Nf6 2. g3 g6 3. Bg2 Bg7 4. O-O O-O 5. d4 d6 6. b3 c6 7. Bb2 Nbd7 8. Nbd2 Re8 9. e4 e5 10. Re1 Qb6 11. Nc4 Qc7 12. dxe5 dxe5 13. Qd6 Qxd6 14. Nxd6 Re6 15. Rad1 Bf8 16. Nxc8 Rxc8 17. Bh3 Re7 18. Nxe5 Nxe5 19. Bxc8 Nf3+ 20. Kg2 Nxe1+ 21. Rxe1 b6 22. Bxf6 Re8 23. Bd7 1-0

[Event "*** Titled Tuesday Blitz"]
[Site "Chess.com"]
[Date "2019.01.01"]
[Round "5"]
[White "tgpgoat"]
[Black "Morshynska"]
[Result "0-1"]
[WhiteElo "1979"]
[BlackElo "2095"]
[TimeControl "180+2"]
[EndTime "14:04:41 PST"]
[Termination "Morshynska won by resignation"]

1. d4 Nf6 2. Nf3 e6 3. c4 b6 4. g3 Bb7 5. Bg2 Be7 6. O-O O-O 7. Nc3 Ne4 8. Nxe4 Bxe4 9. Nd2 Bxg2 10. Kxg2 d5 11.
e4 dxe4 12. Nxe4 Nc6 13. Be3 Qd7 14. d5 Na5 15. dxe6 Qxe6 16. Qc2 Nxc4 17. Ng5 Nxe3+ 18. fxe3 Bxg5 0-1

[Event "*** Titled Tuesday Blitz"]
[Site "Chess.com"]
[Date "2019.01.01"]
[Round "5"]
[White "Maili15"]
[Black "ama18"]
[Result "0-1"]
[WhiteElo "2303"]
[BlackElo "2437"]
[TimeControl "180+2"]
[EndTime "14:05:02 PST"]
[Termination "ama18 won by resignation"]

1. d4 d5 2. c4 dxc4 3. e4 e5 4. Nf3 exd4 5. Bxc4 Nc6 6. O-O Be6 7. Bb5 Bc5 8. Nbd2 Nf6 9. Nb3 Bb6 10. Nfxd4 Bxb3 11. Nxc6 Qxd1 12. Rxd1 Bxd1 13. Bg5 a6 0-1

[Event "*** Titled Tuesday Blitz"]
[Site "Chess.com"]
[Date "2019.01.01"]
[Round "5"]
[White "MerdeNoms943"]
[Black "tteshan"]
[Result "1-0"]
[WhiteElo "2258"]
[BlackElo "2130"]
[TimeControl "180+2"]
[EndTime "14:06:11 PST"]
[Termination "MerdeNoms943 won by checkmate"]

1. e4 c5 2. Nf3 Nc6 3. d4 cxd4 4.
Nxd4 g6 5. Nc3 Bg7 6. Be3 Nf6 7.
Bc4 O-O 8. Bb3 Ng4 9. Qxg4 Nxd4 10. Qd1 Nxb3 11. axb3 d6 12. Bd4 a6 13. Bxg7 Kxg7 14.
Qd4+ Kg8 15. O-O-O b5 16. Kb1 Bd7 17. e5 Bg4 18. Qxg4 Qc7 19. Nd5 Qb7 20. exd6 exd6 21. Nf6+ Kg7 22. Qd4 Qxg2 23. Ne8+ Kh6 24. Qh4# 1-0

[Event "*** Titled Tuesday Blitz"]
[Site "Chess.com"]
[Date "2019.01.01"]
[Round "5"]
[White "Anar_Aliakbarov"]
[Black "patrisiii123"]
[Result "1-0"]
[WhiteElo "2458"]
[BlackElo "2271"]
[TimeControl "180+2"]
[EndTime "14:06:37 PST"]
[Termination "Anar_Aliakbarov won by resignation"]

1. d4 d5 2. c4 e6 3. cxd5 exd5 4.
Nc3 Nf6 5. Bg5 c6 6. Qc2 Be7 7. e3 Nbd7 8. Bd3 O-O 9. Nge2 Re8 10. O-O Nf8 11. Rad1 Ne4 12. Bxe7 Qxe7 13. Nb1 Nd6 14. Ng3 Bg4 15. Rde1 Ne4 16. Bxe4 dxe4 17. Nc3 f5 18. h3 Qh4 19. hxg4 Re6 20. Nxf5 Qxg4 21. Ng3 Qh4 22. Qb3 Kh8 23. Ncxe4 Rae8 24. f3 Rh6 25.
Nf5 Qh2+ 26. Kf2 Rg6 27. Neg3 1-0

[Event "*** Titled Tuesday Blitz"]
[Site "Chess.com"]
[Date "2019.01.01"]
[Round "5"]
[White "BogdanDeac"]
[Black "Keranke"]
[Result "0-1"]
[WhiteElo "2742"]
[BlackElo "2763"]
[TimeControl "180+2"]
[EndTime "14:06:40 PST"]
[Termination "Keranke won by resignation"]

1. e4 g6 2. d4 Bg7 3. Nc3 d6 4. f4 a6 5. Nf3 b5 6. Bd3 Nd7 7. e5 c5 8. Be4 Rb8 9. Be3 b4 10.
Ne2 Qc7 11. c3 Bb7 12. Ng3 Nh6 13. O-O O-O 14. Qe2 Bxe4 15. Nxe4 Qb7 16. Bd2 bxc3 17. bxc3 cxd4 18. cxd4 d5 19. Nc3 e6 20. Rab1 Qa7 21. Na4 Nf5 22. Qd3 Nb6 23. Nxb6 Rxb6 24. Bb4 Rc8 25. Bc5 Rxc5 26. dxc5 Rxb1 27. Rxb1 Qxc5+ 28. Kh1 Bf8 29. g3 Qf2 30. Qf1 Qxa2 31. Ra1 Qc2 32. Rxa6 Ne3 33. Qg1 Qe2 34. Ng5 h6 0-1

[Event "*** Titled Tuesday Blitz"]
[Site "Chess.com"]
[Date "2019.01.01"]
[Round "5"]
[White "florianschwabeneder"]
[Black "Kira170"]
[Result "1-0"]
[WhiteElo "2457"]
[BlackElo "2604"]
[TimeControl "180+2"]
[EndTime "14:06:51 PST"]
[Termination "florianschwabeneder won by resignation"]

1. e4 e6 2. d3 d5 3. Qe2 Nf6 4. Nf3 dxe4 5. dxe4 b6 6. c4 Nc6 7. Nc3 Bb4 8. Bd2 Nd7 9. O-O-O a5 10. a3 Be7 11. Be3 Ba6 12. Qc2 Qc8 13. Be2 Nc5 14.
Nd4 Nxd4 15. Bxd4 c6 16. Bxg7 Rg8 17. Bd4 Qb7 18. e5 b5 19. cxb5 cxb5 20. Bf3 1-0

[Event "*** Titled Tuesday Blitz"]
[Site "Chess.com"]
[Date "2019.01.01"]
[Round "5"]
[White "josmito10"]
[Black "DryCounty"]
[Result "0-1"]
[WhiteElo "2768"]
[BlackElo "2734"]
[TimeControl "180+2"]
[EndTime "14:07:05 PST"]
[Termination "DryCounty won by resignation"]

1. d4 Nf6 2. c4 g6 3. Nc3 Bg7 4. e4 O-O 5. Nf3 d6 6. Be2 e5 7. Be3 c6 8. O-O exd4 9. Nxd4 Re8 10. Qc2 Qe7 11. Bf3 Nbd7 12. Rfe1 Ne5 13. Be2 Neg4 14. Bf4 Nxf2 15. Kxf2 Nxe4+ 16. Qxe4 Qh4+ 17. Bg3 Bxd4+ 18. Kf1 Rxe4 19. Bxh4 Rxh4 20. Bf3 Be6 21. Rad1 Bxc4+ 0-1

[Event "*** Titled Tuesday Blitz"]
[Site "Chess.com"]
[Date "2019.01.01"]
[Round "5"]
[White "sergiochess83"]
[Black "Kacparov"]
[Result "1/2-1/2"]
[WhiteElo "2766"]
[BlackElo "2739"]
[TimeControl "180+2"]
[EndTime "14:07:10 PST"]
[Termination "Game drawn by repetition"]

1. e4 c5 2. Nf3 e6 3. d4 cxd4 4. Nxd4 Nc6 5. Nc3 Qc7 6. a3 a6 7. Be3 Nf6 8. f4 d6 9. Qf3 Bd7 10. O-O-O Nxd4 11. Bxd4 Bc6 12. Bxf6 gxf6 13. Qh5 Qb6 14.
g3 Qc5 15. Be2 Qxh5 16. Bxh5 Ke7 17. Rhe1 Rc8 18. Nd5+ Bxd5 19. exd5 Rc5 20. b4 Rc7 21. Bg4 e5 22. Bf5 Bg7 23. Kb2 b5 24. Rd3 Rc4 25.
Rc3 Rxc3 26. Kxc3 h5 27. h4 Rg8 28. Kd3 Bh6 29. Re3 Kd8 30. Ke4 exf4 31. gxf4 Rg1 32. Rc3 Re1+ 33. Re3 Rf1 34. Rf3 Re1+ 35. Re3 Rf1 36.
Rf3 Re1+ 37. Re3 Rf1 1/2-1/2

[Event "*** Titled Tuesday Blitz"]
[Site "Chess.com"]
[Date "2019.01.01"]
[Round "5"]
[White "Karina_Oparina"]
[Black "yobdc"]
[Result "0-1"]
[WhiteElo "2046"]
[BlackElo "2137"]
[TimeControl "180+2"]
[EndTime "14:07:13 PST"]
[Termination "yobdc won by resignation"]

1. Nf3 d5 2. c4 d4 3. g3 Nc6 4.
Bg2 e5 5. d3 Nge7 6. O-O Ng6 7.
Nbd2 h5 8. h4 Bg4 9. Rb1 Qd7 10.
a3 a5 11. Ne4 Be7 12. Bd2 Bh3 13. b4 axb4 14. axb4 Bxg2 15. Kxg2 Nd8 16. b5 Ne6 17. Bb4 f5 18. Neg5 Bxg5 19. Nxg5 Nxg5 20. hxg5 h4 21. Ra1 Rb8 22. Rh1 f4 23. Ra7 Qg4 24. e4 f3+ 25. Kf1 hxg3 26. Rxh8+ Nxh8 27. fxg3 Qh3+ 28. Ke1 Qg2 29. Bc5 f2+ 30. Kd2 f1=Q+ 0-1

[Event "*** Titled Tuesday Blitz"]
[Site "Chess.com"]
[Date "2019.01.01"]
[Round "5"]
[White "talento10"]
[Black "Kazakov_Konstantin"]
[Result "0-1"]
[WhiteElo "2534"]
[BlackElo "2564"]
[TimeControl "180+2"]
[EndTime "14:07:17 PST"]
[Termination "Kazakov_Konstantin won by resignation"]

1. e4 e5 2. Nf3 Nc6 3. Bc4 Bc5 4. d3 Nf6 5. h3 d6 6. c3 Bb6 7. a4 a6 8. Nbd2 Qe7 9. b4 h6 10. Qb3 Nh5 11. Nf1 Be6 12. g3 O-O 13. Be3 Kh8 14.
Bxb6 cxb6 15. Ne3 b5 16. Bd5 bxa4 17. Rxa4 Qf6 18. Ke2 Rac8 19. Nh4 Ne7 20. Nhf5 Nxf5 21. Nxf5 Bxf5 22. exf5 Qxf5 23. Bxb7 Rc7 24. Bxa6 e4 25. Ra5 Qf3+ 26. Kd2 Qxf2+ 27. Kc1 Nxg3 28. Qd1 Ne2+ 0-1

[Event "*** Titled Tuesday Blitz"]
[Site "Chess.com"]
[Date "2019.01.01"]
[Round "5"]
[White "Korchmar_Vasiliy"]
[Black "jk13"]
[Result "1-0"]
[WhiteElo "2790"]
[BlackElo "2704"]
[TimeControl "180+2"]
[EndTime "14:07:22 PST"]
[Termination "Korchmar_Vasiliy won by resignation"]

1. d4 Nf6 2. c4 e6 3. g3 Bb4+ 4. Nd2 O-O 5. Bg2 d5 6. Nf3 b6 7. O-O Bb7 8. Ne5 Nbd7 9. Qa4 Bxd2 10.
Bxd2 Nxe5 11. dxe5 Nd7 12. cxd5 Nc5 13. Qg4 h5 14. Qxh5 Bxd5 15. Bg5 Qd7 16. Bf6 Be4 17. Bxe4 Nxe4 18. Qg4 Nxf6 19. exf6 g6 20. Qh4 Qd2 21. Rad1 Qxb2 22. Rd4 Rfd8 23. Qh6 1-0

[Event "*** Titled Tuesday Blitz"]
[Site "Chess.com"]
[Date "2019.01.01"]
[Round "5"]
[White "kacprekt"]
[Black "novocane"]
[Result "1-0"]
[WhiteElo "2382"]
[BlackElo "2131"]
[TimeControl "180+2"]
[EndTime "14:07:24 PST"]
[Termination "kacprekt won by resignation"]

1. d4 Nf6 2. c4 e6 3. Nf3 d5 4.
Nc3 Bb4 5. cxd5 exd5 6. Bg5 Qd6 7. Bxf6 Qxf6 8. e3 O-O 9. Bd3 c6 10. O-O Bg4 11. h3 Bh5 12. a3 Bd6 13. b4 Nd7 14. Na4 Rae8 15. Nc5 Nxc5 16. bxc5 Bb8 17. Rb1 Re7 18. Be2 Rfe8 19. Rb4 Qh6 20. Nd2 Rxe3 21. Bxh5 Rd3 22. Rxb7 g6 23. Qb1 Qf4 24. Rxb8 1-0

[Event "*** Titled Tuesday Blitz"]
[Site "Chess.com"]
[Date "2019.01.01"]
[Round "5"]
[White "PrinceCharming92"]
[Black "Parhamov"]
[Result "0-1"]
[WhiteElo "2469"]
[BlackElo "2887"]
[TimeControl "180+2"]
[EndTime "14:07:30 PST"]
[Termination "Parhamov won by resignation"]

1. e4 e5 2. Nf3 Nc6 3. Bc4 Bc5 4.
c3 Nf6 5. d3 a6 6. Bb3 Ba7 7.
O-O h6 8. Nbd2 d6 9. Re1 O-O 10. Nf1 Kh8 11. Ng3 Ng8 12. d4 Nge7 13. Be3 Bg4 14.
d5 Nb8 15. Bxa7 Rxa7 16. h3 Bc8 17. Qd2 Nd7 18. Nf5 Ng8 19. Bc2 Ndf6 20. Nh2 Ra8 21. f4 Bxf5 22. fxe5 dxe5 23. exf5 Qd6 24. c4 b5 25. b3 Rfe8 26. Rad1 Rad8 27. Nf3 c6 28. dxc6 Qxc6 29. Qxd8 Rxd8 30. Rxd8 Qb6+ 31. c5 Qxd8 32.
Nxe5 Qd2 33. Nxf7+ Kh7 0-1

[Event "*** Titled Tuesday Blitz"]
[Site "Chess.com"]
[Date "2019.01.01"]
[Round "5"]
[White "Mikhail_Golubev"]
[Black "ChainsOfFantasia"]
[Result "1-0"]
[WhiteElo "2500"]
[BlackElo "2405"]
[TimeControl "180+2"]
[EndTime "14:07:30 PST"]
[Termination "Mikhail_Golubev won by resignation"]

1. e4 e6 2. d4 d5 3. Nc3 Nf6 4. Bg5 dxe4 5. Nxe4 Be7 6. Nxf6+ Bxf6 7. Bxf6 Qxf6 8. Qd2 b6 9. O-O-O Bb7 10. Bb5+ Nd7 11. Bxd7+ Kxd7 12. f3 Rad8 13. Ne2 Kc8 14. Qe3 Rhe8 15.
Nc3 e5 16. d5 Qg6 17. Rd2 f5 18. Rhd1 a6 19. d6 f4 20. Qf2 Rd7 21. dxc7 Ree7 22.
Na4 Rxd2 23. Qxd2 1-0

[Event "*** Titled Tuesday Blitz"]
[Site "Chess.com"]
[Date "2019.01.01"]
[Round "5"]
[White "attack2mateU"]
[Black "jerom555888"]
[Result "0-1"]
[WhiteElo "2609"]
[BlackElo "2701"]
[TimeControl "180+2"]
[EndTime "14:07:35 PST"]
[Termination "jerom555888 won by resignation"]

1. e4 a6 2. d4 e6 3. Bd3 d5 4.
e5 c5 5. c3 Nc6 6. Ne2 cxd4 7.
cxd4 Nb4 8. Nbc3 Nxd3+ 9. Qxd3 Ne7 10. Nf4 Nf5 11. O-O Bd7 12. Rd1 Rc8 13. Nh5 Qh4 14. Ng3 g6 15. Nxf5 gxf5 16. g3 Qh3 17. Ne2 Bb5 18. Qf3 Bxe2 19. Qxe2 h5 20. Bg5 Qg4 21. Qe3 Rg8 22. h4 Be7 23. Bxe7 Kxe7 24. Qa3+ Ke8 25.
Rac1 Rc4 26. b3 Rc6 27. Kh2 Qf3 28. Rf1 f4 0-1

[Event "*** Titled Tuesday Blitz"]
[Site "Chess.com"]
[Date "2019.01.01"]
[Round "5"]
[White "abubakrtagelsir"]
[Black "maziarbagheri"]
[Result "1-0"]
[WhiteElo "2244"]
[BlackElo "2349"]
[TimeControl "180+2"]
[EndTime "14:07:38 PST"]
[Termination "abubakrtagelsir won by resignation"]

1. e4 e5 2. Nf3 Nc6 3. d4 exd4 4. Bc4 Nf6 5. e5 d5 6. Bb5 Ne4 7. Nxd4 Bc5 8. Be3 O-O 9. Nxc6 bxc6 10. Bxc5 Nxc5 11. Bxc6 Rb8 12. O-O Rxb2 13. Nc3 d4 14. Ne4 Nxe4 15. Bxe4 c5 16. f4 Ba6 17. Rf2 c4 18.
Qh5 g6 19. Qh6 d3 20. f5 f6 21. fxg6 Qe7 22. exf6 Rxf6 23. gxh7+ Kh8 1-0

[Event "*** Titled Tuesday Blitz"]
[Site "Chess.com"]
[Date "2019.01.01"]
[Round "5"]
[White "Kurai"]
[Black "Kirill_Klukin"]
[Result "0-1"]
[WhiteElo "2520"]
[BlackElo "2600"]
[TimeControl "180+2"]
[EndTime "14:07:39 PST"]
[Termination "Kirill_Klukin won by resignation"]

1. e4 c5 2. Nf3 Nc6 3. d4 cxd4 4.
Nxd4 e5 5. Nb5 d6 6. c4 Be7 7. Be2 a6 8. N5c3 Be6 9. Be3 Bg5 10. Qd2 Bxe3 11. Qxe3 Nf6 12. O-O O-O 13. Nd2 Nd4 14. Rac1 Rc8 15. Bd3 Qa5 16. f4 Qb6 17. Kh1 Ng4 18. Qg3 exf4 19. Rxf4 Qxb2 20. Qe1 Ne5 21. Bf1 b5 22. Nd5 Bxd5 23. exd5 Nc2 24. Rb1 Nxe1 25. Rxb2 N1d3 0-1

[Event "*** Titled Tuesday Blitz"]
[Site "Chess.com"]
[Date "2019.01.01"]
[Round "5"]
[White "gonzaga23"]
[Black "farzadbfd"]
[Result "1-0"]
[WhiteElo "2434"]
[BlackElo "2485"]
[TimeControl "180+2"]
[EndTime "14:07:40 PST"]
[Termination "gonzaga23 won by resignation"]

1. e4 e5 2. Nf3 Nc6 3. Bc4 Bc5 4. c3 Nf6 5. d4 exd4 6. cxd4 Bb4+ 7. Bd2 Nxe4 8.
Bxb4 Nxb4 9. Bxf7+ Kxf7 10. Qb3+ d5 11. Qxb4 Rf8 12. O-O Kg8 13. Ne5 Qh4 14. Nc3 Nd2 15. Nxd5 c5 16. Qxd2 Bf5 17. dxc5 Rad8 18. Rad1 Be4 19.
Qb4 Rfe8 20. f3 Rxe5 21. fxe4 h6 22. Qxb7 Qxe4 23. Nf6+ gxf6 24. Qxe4 1-0

[Event "*** Titled Tuesday Blitz"]
[Site "Chess.com"]
[Date "2019.01.01"]
[Round "5"]
[White "Jospem"]
[Black "DanielNaroditsky"]
[Result "0-1"]
[WhiteElo "2786"]
[BlackElo "2927"]
[TimeControl "180+2"]
[EndTime "14:07:42 PST"]
[Termination "DanielNaroditsky won by resignation"]

1. c4 e5 2. g3 h5 3. h4 Nf6 4. Bg2 Nc6 5. Nc3 Bc5 6. e3 a6 7.
Nge2 Ba7 8. d4 d6 9. Bxc6+ bxc6 10. dxe5 Ng4 11. exd6 cxd6 12. Nd4 Qf6 13. Qf3 Bxd4 14. Qxc6+ Kd8 15. exd4 Qxf2+ 16. Kd1 Qxd4+ 17. Kc2 Bf5+ 18. Kb3 Rb8+ 19. Ka3 Ne5 20. Bg5+ f6 21. Qd5 Nxc4+ 22. Ka4 Nb6+ 0-1

[Event "*** Titled Tuesday Blitz"]
[Site "Chess.com"]
[Date "2019.01.01"]
[Round "5"]
[White "aRk_iN"]
[Black "sandager"]
[Result "0-1"]
[WhiteElo "2092"]
[BlackElo "2012"]
[TimeControl "180+2"]
[EndTime "14:07:46 PST"]
[Termination "sandager won by resignation"]

1. e4 e5 2. Nf3 Nc6 3. Bb5 a6 4. Ba4 Nf6 5. O-O Be7 6. Re1 O-O 7. Bxc6 dxc6 8. Nxe5 Re8 9. Nf3 Bg4 10. d3 Bc5 11.
Be3 Bxe3 12. Rxe3 Nxe4 13. h3 Bh5 14. Qe2 Nf6 15. Nbd2 Qd7 16. Re1 h6 17. d4 Rxe3 18. Qxe3 Re8 19. Qf4 Rxe1+ 20. Nxe1 Qd6 21. Qe3 Bg6 22. c3 Qd5 23. b3 Qa5 24. a4 Nd5 25. Qe8+ Kh7 26. b4 Qxa4 27. Nef3 Qa1+ 28. Kh2 Qxc3 29. h4 0-1

[Event "*** Titled Tuesday Blitz"]
[Site "Chess.com"]
[Date "2019.01.01"]
[Round "5"]
[White "Sordis"]
[Black "Iyael"]
[Result "0-1"]
[WhiteElo "2393"]
[BlackElo "2173"]
[TimeControl "180+2"]
[EndTime "14:07:47 PST"]
[Termination "Iyael won by resignation"]

1. c4 Nf6 2. g3 g6 3. Bg2 Bg7 4. Nc3 O-O 5. d3 d6 6. Rb1 a5 7. a3 e5 8. b4 axb4 9. axb4 c6 10. b5 Be6 11. bxc6 bxc6 12. Nf3 h6 13. O-O Nbd7 14. Nd2 d5 15. Bb2 Qc7 16. Qc2 Rfb8 17.
Rfc1 Qd6 18. Qd1 d4 19. Nce4 Nxe4 20. Nxe4 Qc7 21. Nc5 Nxc5 22. e3 Ra2 23. exd4 exd4 24. Rc2 Bf5 25. Ba1 Rxc2 26. Qxc2 Nxd3 27. Rxb8+ Qxb8 28. g4 Nb4 29. Qd1 Bc2 30. Qd2 d3 31. Bxg7 Kxg7 32. h4 c5 33. g5 hxg5 34. hxg5 Qe5 35. f4 Qe2 36. Qc3+ Kg8 37. Qf6 Qe3+ 38. Kh2 Qd4 39.
Qe7 Qxf4+ 40. Kg1 d2 41. Qd8+ Kg7 42. Qxd2 Qxd2 0-1

[Event "*** Titled Tuesday Blitz"]
[Site "Chess.com"]
[Date "2019.01.01"]
[Round "5"]
[White "robbykevlishvili"]
[Black "x-3738459472"]
[Result "1-0"]
[WhiteElo "2785"]
[BlackElo "2534"]
[TimeControl "180+2"]
[EndTime "14:07:50 PST"]
[Termination "robbykevlishvili won by resignation"]

1. e4 c5 2. Nf3 Nc6 3. d4 cxd4 4. Nxd4 e5 5. Nb5 d6 6. c4 Be7 7. N1c3 a6 8. Na3 f5 9. exf5 Bxf5 10. Bd3 Be6 11.
Nc2 Nf6 12. O-O O-O 13. Nd5 Kh8 14. Nxe7 Qxe7 15. b3 e4 16. Be2 Ne5 17. Bb2 Rad8 18. h3 Qf7 19. Ne3 Qg6 20. Kh2 Nd3 21. Bxd3 exd3 22.
Bxf6 Rxf6 23. Qd2 Qh5 24. Qxd3 Bxh3 25. gxh3 Rf3 26. Qd5 Rxh3+ 27. Kg2 Rh2+ 28. Kg1 Qh3 29. Ng4 Qxg4+ 30. Kxh2 Rf8 31. Rae1 h6 32. Re3 Rf5 33. Qg2 Qf4+ 34. Kg1 h5 35. Rg3 g5 36. Re1 g4 37. Rge3 h4 38. Re8+ Kg7 39. R8e4 1-0

[Event "*** Titled Tuesday Blitz"]
[Site "Chess.com"]
[Date "2019.01.01"]
[Round "5"]
[White "Zhuu96"]
[Black "bugsbunny444"]
[Result "1-0"]
[WhiteElo "2882"]
[BlackElo "2534"]
[TimeControl "180+2"]
[EndTime "14:07:52 PST"]
[Termination "Zhuu96 won by resignation"]

1. c4 b6 2. Nc3 Bb7 3. d4 e6 4. a3 f5 5. Bf4 Nf6 6. e3 g6 7. d5 Bg7 8. Nf3 Na6 9. Nd4 exd5 10.
cxd5 Nc5 11. d6 cxd6 12. Ncb5 O-O 13. Bxd6 Rf7 14. Bc4 Bxg2 15. Bxf7+ Kxf7 16. Rg1 Be4 17.
f3 Bd5 18. Nc7 Rc8 19. Nxd5 Nxd5 20. Nxf5 Nxe3 21. Nxe3 Bxb2 22. Qd5+ Ne6 23. Rd1 Qh4+ 24. Kf1 Qh3+ 25. Rg2 Bf6 26. Bg3 Rc7 27. Bxc7 1-0

[Event "*** Titled Tuesday Blitz"]
[Site "Chess.com"]
[Date "2019.01.01"]
[Round "5"]
[White "OparinGrigoriy"]
[Black "Peng_Li-Min"]
[Result "0-1"]
[WhiteElo "2909"]
[BlackElo "2675"]
[TimeControl "180+2"]
[EndTime "14:08:08 PST"]
[Termination "Peng_Li-Min won by resignation"]

1. Nf3 Nf6 2. g3 g6 3. Bg2 Bg7 4. c4 O-O 5. Nc3 d5 6. cxd5 Nxd5 7. h4 Nc6 8. h5 Nxc3 9. bxc3 e5 10. hxg6 hxg6 11. Qc2 Re8 12. d3 e4 13. dxe4 Qf6 14. Bd2 Bg4 15. Rh4 Bxf3 16. Bxf3 Ne5 17. Bg2 Nc4 18.
Kf1 Rad8 19. Bf4 Qxc3 20. Qxc3 Bxc3 21. Rc1 Bf6 22. Rh1 b5 23. Bf3 c5 24. Kg2 g5 25. e5 Nxe5 26. Bxe5 Rxe5 27. Rhd1 Rxd1 28. Rxd1 c4 29. Rd7 Rc5 30. Bd5 c3 31. Bxf7+ Kf8 32. Bb3 c2 33. Bxc2 Rxc2 34. Rxa7 Rxe2 35. Ra5 Rb2 36.
a4 b4 37. Rb5 Bc3 38. a5 g4 39. Kf1 Ra2 40. Rg5 b3 0-1

[Event "*** Titled Tuesday Blitz"]
[Site "Chess.com"]
[Date "2019.01.01"]
[Round "5"]
[White "riconaipe"]
[Black "essequamvideris"]
[Result "0-1"]
[WhiteElo "2433"]
[BlackElo "2391"]
[TimeControl "180+2"]
[EndTime "14:08:08 PST"]
[Termination "essequamvideris won by checkmate"]

1. d4 Nf6 2. c4 c5 3. d5 b5 4. Nf3 g6 5. cxb5 Bg7 6. Nc3 O-O 7. e4 d6 8. a4 a6 9. b6 Qxb6 10. Nd2 Nbd7 11. Nc4 Qb4 12. Bd2 Qb7 13. Na5 Qc7 14.
Nc6 Nb8 15. Nxb8 Rxb8 16. Qc2 e6 17. Be2 exd5 18. exd5 Bf5 19. Qc1 Qb7 20. O-O Qxb2 21. Bxa6 Ne4 22. Nxe4 Bxe4 23. Qxb2 Rxb2 24. Bf4 Rd8 25.
Rad1 Rb4 26. Bb5 Bc2 27. Rde1 Rxf4 28. a5 Rb4 29. Bc6 Bd3 30. Re7 Bxf1 31. Kxf1 Rb1+ 32. Ke2 Ra1 33. Ra7 Rb8 34. g3 Rb2+ 35. Kf3 Bd4 36. Be8 Rxf2+ 37. Kg4 h5+ 38. Kg5 Kg7 39. h3 Bf6# 0-1

[Event "*** Titled Tuesday Blitz"]
[Site "Chess.com"]
[Date "2019.01.01"]
[Round "5"]
[White "TreinadorBR"]
[Black "Doraemon7"]
[Result "0-1"]
[WhiteElo "2253"]
[BlackElo "2506"]
[TimeControl "180+2"]
[EndTime "14:08:13 PST"]
[Termination "Doraemon7 won by checkmate"]

1. e4 c5 2. Nf3 Nc6 3. d4 cxd4 4. Nxd4 e6 5. Nxc6 bxc6 6. Bd3 d5 7. Nd2 Bd6 8. O-O Qc7 9. h3 Nf6 10. Qe2 O-O 11. b3 e5 12. a4 dxe4 13. Nxe4 Nxe4 14.
Bxe4 f5 15. Qc4+ Kh8 16. Bxc6 Rb8 17. Bb2 Rb4 18. Qc3 Ba6 19. Rfe1 Rc8 20. Ba3 Rd4 21. Bxd6 Qxd6 22. b4 Rxc6 23. Qg3 Rxb4 24. Rxe5 Qf8 25. Rae1 Rb8 26. Qg5 Rg6 27. Qh5 Bb7 28. g3 Rh6 29.
Qg5 Rxh3 30. Rxf5 Rh1# 0-1

[Event "*** Titled Tuesday Blitz"]
[Site "Chess.com"]
[Date "2019.01.01"]
[Round "5"]
[White "walkingcreep"]
[Black "jcibarra"]
[Result "0-1"]
[WhiteElo "2592"]
[BlackElo "2740"]
[TimeControl "180+2"]
[EndTime "14:08:17 PST"]
[Termination "jcibarra won by resignation"]

1. d4 Nf6 2. c4 d6 3. Nc3 e5 4. d5 Nbd7 5. g3 a5 6. Bg2 Nc5 7. e4 h5 8. h3 Be7 9. Nge2 h4 10. g4 Nh7 11. f4 exf4 12. Bxf4 Bf6 13. O-O Nf8 14.
Qd2 Ng6 15. Be3 Bd7 16. Nd4 a4 17. Ncb5 O-O 18. g5 Be5 19. Nf5 Bxb5 20. cxb5 a3 21. b4 Na4 22. Rac1 Qd7 23. Qd3 Nb2 24. Qe2 Ra4 25.
Qh5 Rxb4 26. Nxh4 Nxh4 27. Qxh4 g6 28. Rf6 Nc4 29. Bf4 Qxb5 30. Rf1 Rb1 31. Qh6 Qc5+ 32. Kh1 Rxf1+ 33. Bxf1 Qd4 34. Bxc4 Qxe4+ 35. Kg1 Bxf4 0-1

[Event "*** Titled Tuesday Blitz"]
[Site "Chess.com"]
[Date "2019.01.01"]
[Round "5"]
[White "JozefKneht"]
[Black "StephenDedalus83"]
[Result "0-1"]
[WhiteElo "2514"]
[BlackElo "2725"]
[TimeControl "180+2"]
[EndTime "14:08:17 PST"]
[Termination "StephenDedalus83 won by resignation"]

1. e4 c5 2. Nf3 d6 3. d4 cxd4 4. Nxd4 Nf6 5. Nc3 g6 6. Be3 Bg7 7. f3 O-O 8. Qd2 Nc6 9. O-O-O d5 10. exd5 Nxd5 11. Nxc6 bxc6 12. Bd4 Bxd4 13. Qxd4 Qb6 14.
Na4 Qc7 15. h4 Rd8 16. h5 Bf5 17. hxg6 Bxg6 18. b3 Nf4 19. Qe3 Rxd1+ 20. Kxd1 Nd5 21. Qg5 Rd8 22. Kc1 Qd6 23. Kb2 Nb4 24. c3 Qd2+ 25.
Qxd2 Rxd2+ 26. Ka3 Nc2+ 27. Kb2 a5 28. Kc1 Rf2 29. Ba6 Ne3 30. Bb7 Rxa2 31. Rh4 Rc2+ 0-1

[Event "*** Titled Tuesday Blitz"]
[Site "Chess.com"]
[Date "2019.01.01"]
[Round "5"]
[White "snowlord"]
[Black "Daniela_Movileanu"]
[Result "1-0"]
[WhiteElo "2694"]
[BlackElo "2497"]
[TimeControl "180+2"]
[EndTime "14:08:24 PST"]
[Termination "snowlord won by resignation"]

1. e4 c5 2. Nf3 g6 3. c3 d5 4.
e5 Bg7 5. d4 Nc6 6. Bb5 Bg4 7.
Nbd2 e6 8. h3 Bf5 9. O-O Ne7 10.
Nb3 Qb6 11. Bxc6+ bxc6 12. Nxc5 h5 13. Bg5 Bh6 14. Bxh6 Rxh6 15. Qd2 Rh8 16. b4 g5 17. Nxg5 Rg8 18. Kh2 Ng6 19. g3 Qd8 20. Nh7 Rh8 21.
Nf6+ Kf8 22. f3 Rc8 23. Rf2 Rc7 24. Raf1 Re7 25. Qe3 a5 26. g4 hxg4 27. fxg4 Be4 28. Nfxe4 dxe4 29. Qxe4 axb4 30. Qxg6 1-0

[Event "*** Titled Tuesday Blitz"]
[Site "Chess.com"]
[Date "2019.01.01"]
[Round "5"]
[White "TheBigBoss04"]
[Black "Generalas"]
[Result "1-0"]
[WhiteElo "2508"]
[BlackElo "2259"]
[TimeControl "180+2"]
[EndTime "14:08:28 PST"]
[Termination "TheBigBoss04 won by resignation"]

1. c4 Nf6 2. g3 g6 3. Bg2 Bg7 4.
Nc3 O-O 5. e3 d6 6. Nge2 c6 7.
b3 a5 8. Bb2 Na6 9. O-O Bg4 10.
h3 Bf5 11. d3 Qc8 12. Kh2 Nb4 13. e4 Bd7 14. a3 Na6 15. d4 e5 16. d5 Qc7 17. Rc1 Nh5 18. f4 f5 19. exf5 gxf5 20.
dxc6 bxc6 21. Nb5 cxb5 22. cxb5 Qb6 23. Bxa8 Bxb5 24. Bd5+ Kh8 25. Bc4 Nc5 26. fxe5 dxe5 27. Qc2 Bd7 28. Nc3 Qg6 29. Qf2 f4 30. g4 Ne4 31.
Nxe4 Qxe4 32. gxh5 f3 33. Rce1 Qf5 34. Qg3 Qxh5 35.
Bxe5 1-0

[Event "*** Titled Tuesday Blitz"]
[Site "Chess.com"]
[Date "2019.01.01"]
[Round "5"]
[White "Shant_Sargsyan"]
[Black "Alexander_Donchenko"]
[Result "0-1"]
[WhiteElo "2946"]
[BlackElo "2669"]
[TimeControl "180+2"]
[EndTime "14:08:30 PST"]
[Termination "Alexander_Donchenko won by resignation"]

1. d4 d5 2. c4 c6 3. Nf3 Nf6 4.
Nc3 dxc4 5. a4 e6 6. e4 Bb4 7. Bg5 h6 8. Bxf6 Qxf6 9. Bxc4 Nd7 10. O-O O-O 11. e5 Qe7 12. Ne4 Rd8 13. Qe2 c5 14.
Rfd1 cxd4 15. Rxd4 Nb6 16. Rxd8+ Qxd8 17. Rd1 Bd7 18. Bb5 Nd5 19. Nc3 Bxc3 20. Bxd7 Qxd7 21.
bxc3 Qxa4 22. Rc1 Rc8 23. c4 b5 24. c5 Qa3 25. Qc2 b4 26. c6 b3 27. Qb1 a5 28.
Nd4 b2 29. Rc2 Qd3 30. Nf3 Nc3 31. Ne1 Qe4 0-1